 Dungeon Crawl Stone Soup version 0.26.1-2-gb8aa6d0cf2 (webtiles) character file.

Game seed: 1483799714664235689

235 Groucho the Covert (level 5, -6/24 HPs)
             Began as a Spriggan Enchanter on Feb 24, 2021.
             Was an Initiate of Kikubaaqudgha.
             Killed from afar by an orc wizard (9 damage)
             ... with a puff of flame
             ... on level 4 of the Dungeon.
             The game lasted 00:07:39 (6570 turns).

Groucho the Covert (Spriggan Enchanter)             Turns: 6570, Time: 00:07:40

Health: -6/24      AC:  2    Str:  7    XL:     5   Next: 76%
Magic:  1/10       EV: 20    Int: 16    God:    Kikubaaqudgha [......]
Gold:   185        SH:  0    Dex: 17    Spells: 3/9 levels left

rFire    . . .     SeeInvis +   a - +1 dagger
rCold    . . .     Faith    .   (shield restricted)
rNeg     . . .     Spirit   .   b - +0 robe
rPois    .         Reflect  .   (helmet restricted)
rElec    .         Harm     .   n - +0 cloak
rCorr    .         Rampage  .   (gloves unavailable)
Will     .....                  (boots unavailable)
Stlth    +++++.....             (no amulet)
HPRegen  0.08/turn              (no ring)
MPRegen  0.12/turn              (no ring)

@: very quick
A: very small, unfitting armour, repulsion field 1, see invisible, deformed
body, speed 3, strong 1
a: Renounce Religion


You were on level 4 of the Dungeon.
You worshipped Kikubaaqudgha.
Kikubaaqudgha was noncommittal.
You visited 2 branches of the dungeon, and saw 5 of its levels.

You collected 185 gold pieces.

Inventory:

Hand Weapons
 a - a +1 dagger (weapon)
Armour
 b - a +0 robe (worn)
 n - a +0 cloak (worn)
Scrolls
 c - 3 scrolls of identify
 e - a scroll of teleportation {unknown}
 g - 4 scrolls of remove curse
 h - a scroll of immolation {unknown}
 k - a scroll of enchant weapon {unknown}
 m - a scroll of magic mapping
 o - a scroll of blinking {unknown}
Potions
 d - a potion of heal wounds
 f - a potion of curing {unknown}
 i - a potion of lignification {unknown}
 j - a potion of mutation
 l - 3 potions of attraction {unknown}


   Skills:
 - Level 1.1 Short Blades
 - Level 3.0 Dodging
 * Level 10.1 Stealth
 + Level 2.7 Spellcasting
 + Level 3.6 Hexes


You had 3 spell levels left.
You knew the following spells:

 Your Spells              Type           Power        Failure   Level
a - Corona                Hex            14%          4%          1
b - Ensorcelled Hibernat  Hex/Ice        16%          14%         2
c - Confusing Touch       Hex            13%          13%         3

Your spell library contained the following spells:

 Spells                   Type           Power        Failure   Level
 Tukima's Dance           Hex            13%          13%         3
 Dazzling Flash           Conj/Hex       16%          26%         3


Dungeon Overview and Level Annotations

Branches:
Dungeon (4/15)             Temple (1/1) D:4

Altars:
Ashenzari
Dithmenos
Elyvilon
Fedhas
Hepliaklqana
Kikubaaqudgha
Makhleb
Nemelex Xobeh
Okawaru
Qazlal
Ru
Sif Muna
Trog
Uskayaw
Vehumet
Wu Jian
Xom
The Shining One


Innate Abilities, Weirdness & Mutations

You are very small and have problems with some larger weapons.
You are too small for most types of armour.
You have supernaturally acute eyesight. (SInv)
You cover ground extremely quickly.
You are surrounded by a mild repulsion field. (EV +2)
Armour fits poorly on your strangely shaped body.
Your muscles are strong. (Str +2)


Message History

Aim: an orc wizard, wielding a +0 dagger and wearing a cursed +0 robe (fast, slightly transparent, chance to affect: 39%)
The orc wizard resists with some effort.
The orc wizard misses you. The orc barely misses you.
Casting: Ensorcelled Hibernation (safe; 14% risk of failure)
Confirm with . or Enter, or press ? or * to list all spells.
Aiming: Ensorcelled Hibernation (safe; 14% risk of failure)
Press: ? - help, Shift-Dir - straight line, f/p - orc wizard
Aim: an orc wizard, wielding a +0 dagger and wearing a cursed +0 robe (fast, slightly transparent, chance to affect: 39%)
The orc wizard resists with some effort.
The orc wizard hits you with a +0 dagger.
The orc closely misses you. The orc wizard completely misses you.
The orc wizard points at you and mumbles some strange words.
The magic dart hits you!
* * * LOW HITPOINT WARNING * * *
The orc wizard gestures at you while chanting.
The puff of flame misses you.
The orc wizard gestures at you while chanting.
The puff of flame hits you!
You die...
Kikubaaqudgha rasps: "You have failed me!
Welcome... death!"

########### #.........#
#.#######.#
#.###.###.#####
#####.##...........
#######...........#.#####
#.......@##.##...##.# *
#.#.#.#..##.........# *
#.#......######.##### *
#.#.#.##.# #.# *
#.....##.# ##'## *
###.o....# ##...## *
#o###### ##..†..## #
####.#.## ##.......## ##
#o)o....#**#.........####.


You could see an orc wizard (fast, invisible) and an orc.

Vanquished Creatures
  2 orc wizards (D:4)
  Jessica (D:2)
  An iguana (D:4)
  2 adders
  An ooze (D:1)
  A worm (D:3)
  2 dart slugs
  2 leopard geckos (D:1)
  15 orcs
  A giant cockroach (D:1)
  6 goblins
  9 hobgoblins
  5 jackals (D:1)
  6 quokkas
  8 bats
  2 frilled lizards (D:2)
  9 kobolds
  A leopard gecko skeleton (D:4)
  A quokka skeleton (D:3)
  8 rats
83 creatures vanquished.

Notes
Turn   | Place    | Note
-------+----------+-------------------------------------------
     0 | D:1      | Groucho the Spriggan Enchanter began the quest for the Orb.
     0 | D:1      | Reached XP level 1. HP: 9/9 MP: 5/5
   129 | D:1      | Reached skill level 5 in Stealth
   129 | D:1      | Reached XP level 2. HP: 13/13 MP: 6/6
   874 | D:1      | Reached skill level 6 in Stealth
  1039 | D:1      | Reached XP level 3. HP: 16/16 MP: 8/8
  1042 | D:1      | Learned a level 2 spell: Ensorcelled Hibernation
  1046 | D:1      | Learned a level 3 spell: Confusing Touch
  2059 | D:2      | Reached skill level 7 in Stealth
  2404 | D:2      | Noticed Jessica
  2410 | D:2      | Killed Jessica
  2411 | D:2      | Reached XP level 4. HP: 21/21 MP: 9/9
  2679 | D:2      | Reached skill level 8 in Stealth
  4645 | D:3      | Found a faded altar of an unknown god.
  4985 | D:4      | Gained mutation: You are surrounded by a mild repulsion
                  | field. (EV +2) [potion of mutation]
  4985 | D:4      | Gained mutation: Armour fits poorly on your strangely
                  | shaped body. [potion of mutation]
  4985 | D:4      | Gained mutation: Your muscles are strong. (Str +2) [potion
                  | of mutation]
  5177 | D:4      | Found a staircase to the Ecumenical Temple.
  5258 | D:4      | Reached skill level 9 in Stealth
  5258 | D:4      | Reached XP level 5. HP: 24/24 MP: 10/10
  5961 | Temple   | Entered the Ecumenical Temple
  6177 | Temple   | Became a worshipper of Kikubaaqudgha
  6284 | D:4      | Found a shimmering altar of Xom.
  6425 | D:4      | Reached skill level 10 in Stealth
  6570 | D:4      | Killed from afar by an orc wizard

Illustrated notes

Levels and vault maps discovered:
D:1:      minmay_arrival_cross, layout_loops_cross
D:2:      layout_loops_ring, kennysheep_jessica_study
D:3:      layout_basic, gup_sewer_entry_glass,
          chequers_ecumenical_altar_simple_redux
D:4:      layout_loops_corners, nicolae_gozag_cash_rules_everything_around_me,
          minmay_temple_entry_poolview, lemuel_tele_altar
Temple:   dpeg_five_rooms_temple

Skill      XL: |  1  2  3  4  5 |
---------------+----------------+-----
Stealth        | 5 6 7 9 10 | 10.1
Short Blades   | |  1.1
Dodging        | |  3.0
Spellcasting   | |  2.7
Hexes          | |  3.6

Action                   |  1- 3 |  4- 6 || total
-------------------------+-------+-------++-------
Melee: Dagger            |   137 |   128 ||   265
 Cast: Ensorcelled Hiber |     6 |    32 ||    38
       Confusing Touch   |       |     1 ||     1
  Use: Scroll            |       |     3 ||     3
       Potion            |       |     1 ||     1
 Stab: Sleeping          |    14 |    30 ||    44
       Distracted        |       |     1 ||     1
Armor: Robe              |    16 |     5 ||    21
Dodge: Dodged            |   143 |    95 ||   238
